 Dungeon Crawl Stone Soup version 0.31.0-9-g3a7656b989 (webtiles) character file.

Game seed: 6211310037357008122

1385 qw the Skirmisher (level 8, 1/1 HPs)
             Began as a Spriggan Hunter on Feb 2, 2024.
             Quit the game on level 5 of the Dungeon.
             The game lasted 00:44:51 (32882 turns).

qw the Skirmisher (Spriggan Hunter)                Turns: 32882, Time: 00:44:52

Health: 1/1        AC:  2    Str:  7    XL:     8   Next: 40%
Magic:  9/9        EV: 22    Int: 11    God:
Gold:   255        SH:  0    Dex: 20    Spells: 7/7 levels left

rFire   . . .        a - +4 shortbow
rCold   . . .        (shield currently unavailable)
rNeg    + . .        c - +0 robe
rPois   .            (helmet restricted)
rElec   .            (no cloak)
rCorr   .            (gloves unavailable)
SInv    +            (boots unavailable)
Will    ++...        d - amulet of faith
Stlth   ++           h - ring of willpower
HPRegen 0.20/turn    k - ring of positive energy
MPRegen 0.11/turn

%: faith
@: very quick
A: very small, no large weapons, unfitting armour, see invisible, speed 3
a: no special abilities


You were on level 5 of the Dungeon.
You visited 1 branch of the dungeon, and saw 5 of its levels.

You collected 255 gold pieces.


Innate Abilities, Weirdness & Mutations

You are very small and have problems with some larger weapons.
You are too small for most types of armour.
You have supernaturally acute eyesight. (SInv)
You cover ground extremely quickly. (Speed+++)


   Skills:
 + Level 2.5 Fighting
 - Level 9.6 Ranged Weapons
 - Level 7.0 Dodging
 - Level 1.5 Stealth


You had 7 spell levels left.
You didn't know any spells.
Your spell library was empty.

Inventory:

Hand Weapons
 a - a +4 shortbow (weapon)
Armour
 c - a +0 robe (worn)
Jewellery
 d - an amulet of faith (around neck)
 h - a ring of willpower (left hand)
 k - a ring of positive energy (right hand)
Wands
 e - a wand of acid (14)
Potions
 b - a potion of curing
 f - 2 potions of enlightenment
 g - 2 potions of might
 j - 2 potions of mutation

Dungeon Overview and Level Annotations

Branches:
Dungeon (5/15)             Temple (0/1) D:5

Altars:
Qazlal
Uskayaw
Wu Jian
Zin


Message History

Done exploring.
You climb downwards.
There is a stone staircase leading up here.
Sorry, I don't know how to get there.
Sorry, I don't know how to get there.
You climb upwards.
There is a stone staircase leading down here.
Done exploring.
You climb downwards.
There is a stone staircase leading up here.
Sorry, I don't know how to get there.
Sorry, I don't know how to get there.
You climb upwards.
There is a stone staircase leading down here.
Done exploring.
You climb downwards.
There is a stone staircase leading up here.
Sorry, I don't know how to get there.
Sorry, I don't know how to get there.
You climb upwards.
There is a stone staircase leading down here.
Done exploring.
You climb downwards.
There is a stone staircase leading up here.
Sorry, I don't know how to get there.
Sorry, I don't know how to get there.
You climb upwards.
There is a stone staircase leading down here.
Done exploring.
You climb downwards.
There is a stone staircase leading up here.
Sorry, I don't know how to get there.
Sorry, I don't know how to get there.
You climb upwards.
There is a stone staircase leading down here.
Done exploring.
You climb downwards.
Zot's power touches on you...
HP restored.
There is a stone staircase leading up here.
32882 ||| QUITTING!
Are you sure you want to abandon this character and quit the game? (Confirm with "yes".)

¤...'####....##%###........
..~...............#......).
.~¤...............#........
................%.#........
.~~....##....##...'........
..¤....##....######........
~...##+##....#.....))).....
........#....'....)#####...
........#....#..@..#...# ..
........#....#.....#...#.........
........#....#.....+...#.........
........######.....##'##.......(
##'#....# #....#####..##......#
...#....# #....#..#....#......#
...+....# #....#..'....#......#
...#>...# #....#..#....#......#
..##....####....#.###..##......##


There were no monsters in sight!

Vanquished Creatures
  A two-headed ogre (D:5)
  An ice beast (D:4)
  An ogre (D:5)
  A bullfrog (D:4)
  3 scorpions
  4 hounds
  An orc priest (D:3)
  An iguana (D:4)
  An orc wizard (D:3)
  4 gnolls (D:5)
  4 adders
  3 ribbon worms
  A dart slug (D:4)
  17 orcs
  6 ball pythons
  3 bats
  13 endoplasms
  5 giant cockroaches
  7 goblins
  4 hobgoblins
  6 jackals
  3 quokkas
  4 frilled lizards
  3 kobolds
  3 rats
100 creatures vanquished.

Notes
Turn   | Place    | Note
-------+----------+-------------------------------------------
     0 | D:1      | qw the Spriggan Hunter began the quest for the Orb.
     0 | D:1      | Reached XP level 1. HP: 10/10 MP: 2/2
     0 | D:1      | 0 ||| qw: Version: 0.3-a-155-g5e7d8dd
     0 | D:1      | 0 ||| qw: Game counter: 560
     0 | D:1      | 0 ||| qw: Melee chars always use a shield: true
     0 | D:1      | 0 ||| qw: God list: Okawaru
     0 | D:1      | 0 ||| qw: Allow faded altars: false
     0 | D:1      | 0 ||| qw: Do Orc after clearing Dungeon:15 true
     0 | D:1      | 0 ||| qw: Do second Lair branch before Depths: true
     0 | D:1      | 0 ||| qw: Lair rune preference: random
     0 | D:1      | 0 ||| qw: Goals: Normal
     0 | D:1      | 0 ||| PLANNING D:1-11
    23 | D:1      | Reached skill level 3 in Dodging
    67 | D:1      | Reached XP level 2. HP: 14/14 MP: 3/3
   396 | D:1      | Found a faded altar of an unknown god.
   511 | D:1      | 511 ||| UPGRADING to ring of willpower.
   512 | D:1      | 512 ||| READING scroll labelled YDOYKHODUY.
   512 | D:1      | 512 ||| IDENTIFYING yellow potion
   513 | D:1      | 513 ||| READING scroll labelled PALOSEIZXU.
   513 | D:1      | 513 ||| ENCHANTING +0 shortbow.
   514 | D:1      | 514 ||| READING scroll labelled ZIQUV SEXAH.
   515 | D:1      | 515 ||| READING scroll labelled GAXOEH RINIAMN.
   515 | D:1      | 515 ||| ENCHANTING +1 shortbow.
   516 | D:1      | 516 ||| DRINKING 2 murky amethyst potions.
   546 | D:1      | 546 ||| DROPPING scroll of butterflies.
   547 | D:1      | 547 ||| DROPPING potion of degeneration.
   548 | D:1      | 548 ||| DROPPING potion of lignification.
   595 | D:2      | Reached XP level 3. HP: 14/18 MP: 4/4
   812 | D:2      | Found a stormy altar of Qazlal.
  1323 | D:2      | Reached skill level 5 in Ranged Weapons
  1342 | D:2      | 1342 ||| FLEEEEING.
  1464 | D:2      | 1464 ||| UPGRADING to amulet of faith.
  1469 | D:2      | 1469 ||| READING scroll of identify.
  1469 | D:2      | 1469 ||| IDENTIFYING fuming silvery potion
  1470 | D:2      | 1470 ||| DRINKING 2 inky potions.
  1489 | D:3      | Reached XP level 4. HP: 17/22 MP: 5/5
  1590 | D:3      | HP: 4/22 [orc/+0 trident (2)]
  1592 | D:3      | 1592 ||| FLEEEEING.
  1594 | D:3      | 1594 ||| FLEEEEING.
  1595 | D:3      | 1595 ||| FLEEEEING.
  1596 | D:3      | 1596 ||| FLEEEEING.
  1597 | D:3      | 1597 ||| FLEEEEING.
  1598 | D:3      | 1598 ||| FLEEEEING.
  1599 | D:3      | 1599 ||| FLEEEEING.
  1600 | D:3      | 1600 ||| FLEEEEING.
  1601 | D:3      | 1601 ||| FLEEEEING.
  1602 | D:3      | 1602 ||| FLEEEEING.
  1603 | D:3      | 1603 ||| FLEEEEING.
  1604 | D:3      | 1604 ||| FLEEEEING.
  1605 | D:3      | 1605 ||| FLEEEEING.
  1606 | D:3      | 1606 ||| FLEEEEING.
  1607 | D:3      | 1607 ||| STAIRDANCE
  1670 | D:2      | 1670 ||| READING scroll of identify.
  1670 | D:2      | 1670 ||| IDENTIFYING green potion
  1671 | D:2      | 1671 ||| READING scroll labelled BUUX JEAKEDWOI.
  1772 | D:2      | 1772 ||| READING scroll labelled DOCWAN WOHIC.
  1773 | D:2      | 1773 ||| READING scroll labelled MEDAMAD UPPEOFACE.
  1868 | D:3      | Reached XP level 5. HP: 20/27 MP: 6/6
  2028 | D:3      | 2028 ||| READING scroll of enchant weapon.
  2028 | D:3      | 2028 ||| ENCHANTING +1 shortbow.
  2126 | D:3      | Found a glowing silver altar of Zin.
  2135 | D:3      | Found an ornate altar of the Wu Jian Council.
  2191 | D:3      | 2191 ||| READING scroll of identify.
  2191 | D:3      | 2191 ||| IDENTIFYING lumpy red potion
  2192 | D:3      | 2192 ||| READING scroll labelled ZAOTOI VIEJUC.
  2254 | D:4      | Reached skill level 6 in Ranged Weapons
  2255 | D:4      | Reached XP level 6. HP: 12/31 MP: 7/7
  2257 | D:4      | HP: 7/31 [poisoned by a scorpion]
  2533 | D:4      | Reached skill level 6 in Dodging
  2616 | D:4      | Noticed an ice beast
  2631 | D:4      | HP: 4/31 [ice beast (13)]
  2632 | D:4      | Killed an ice beast
  2633 | D:4      | Reached skill level 7 in Ranged Weapons
  2633 | D:4      | Reached XP level 7. HP: 5/35 MP: 8/8
  2863 | D:4      | Noticed a +0 spear
  2863 | D:4      | Noticed a +0 falchion
  2863 | D:4      | Noticed a +0 spear
  2864 | D:4      | Noticed a +0 dagger
  2865 | D:4      | Noticed a +0 short sword
  2866 | D:4      | Noticed a +0 short sword
  2866 | D:4      | Noticed a +0 falchion
  2866 | D:4      | Noticed a +0 dagger
  2873 | D:4      | Found a hide-covered altar of Uskayaw.
  2963 | D:4      | 2963 ||| READING 2 scrolls of enchant weapon.
  2963 | D:4      | 2963 ||| ENCHANTING +2 shortbow.
  2964 | D:4      | 2964 ||| READING scroll of enchant weapon.
  2964 | D:4      | 2964 ||| ENCHANTING +3 shortbow.
  2994 | D:4      | 2994 ||| UPGRADING to ring of positive energy.
  2995 | D:4      | 2995 ||| READING scroll labelled EKKAMY HUHIA.
  3096 | D:4      | 3096 ||| DRINKING 2 sapphire potions.
  3097 | D:4      | 3097 ||| DROPPING potion of brilliance.
  3132 | D:5      | Entered Level 5 of the Dungeon
  3247 | D:5      | 3247 ||| FLEEEEING.
  3314 | D:5      | Noticed a two-headed ogre
  3327 | D:5      | HP: 5/35 [two-headed ogre/+0 giant spiked club (28)]
  3328 | D:5      | 3328 ||| READING scroll of teleportation.
  3331 | D:5      | Killed a two-headed ogre
  3332 | D:5      | Reached skill level 9 in Ranged Weapons
  3332 | D:5      | Reached XP level 8. HP: 6/39 MP: 9/9
  3528 | D:5      | Found a stormy altar of Qazlal.
  3592 | D:5      | Found a staircase to the Ecumenical Temple.
  3593 | D:5      | 3593 ||| PLANNING TEMPLE
 24081 | D:5      | Glimpsed the power of Zot.
 24481 | D:5      | Glimpsed the power of Zot.
 24801 | D:5      | Glimpsed the power of Zot.
 24881 | D:5      | Touched by the power of Zot (MHP 39 -> 30)
 24882 | D:5      | Glimpsed the power of Zot.
 25282 | D:5      | Glimpsed the power of Zot.
 25602 | D:5      | Glimpsed the power of Zot.
 25681 | D:5      | Touched by the power of Zot (MHP 33 -> 25)
 25682 | D:5      | Glimpsed the power of Zot.
 26082 | D:5      | Glimpsed the power of Zot.
 26402 | D:5      | Glimpsed the power of Zot.
 26481 | D:5      | Touched by the power of Zot (MHP 28 -> 21)
 26482 | D:5      | Glimpsed the power of Zot.
 26882 | D:5      | Glimpsed the power of Zot.
 27202 | D:5      | Glimpsed the power of Zot.
 27281 | D:5      | Touched by the power of Zot (MHP 23 -> 17)
 27282 | D:5      | Glimpsed the power of Zot.
 27682 | D:5      | Glimpsed the power of Zot.
 28002 | D:5      | Glimpsed the power of Zot.
 28081 | D:5      | Touched by the power of Zot (MHP 18 -> 12)
 28082 | D:5      | Glimpsed the power of Zot.
 28482 | D:5      | Glimpsed the power of Zot.
 28802 | D:5      | Glimpsed the power of Zot.
 28881 | D:5      | Touched by the power of Zot (MHP 14 -> 9)
 28882 | D:5      | Glimpsed the power of Zot.
 29282 | D:5      | Glimpsed the power of Zot.
 29602 | D:5      | Glimpsed the power of Zot.
 29681 | D:5      | Touched by the power of Zot (MHP 11 -> 7)
 29682 | D:5      | Glimpsed the power of Zot.
 30082 | D:5      | Glimpsed the power of Zot.
 30402 | D:5      | Glimpsed the power of Zot.
 30481 | D:5      | Touched by the power of Zot (MHP 8 -> 4)
 30482 | D:5      | Glimpsed the power of Zot.
 30882 | D:5      | Glimpsed the power of Zot.
 31202 | D:5      | Glimpsed the power of Zot.
 31281 | D:5      | Touched by the power of Zot (MHP 5 -> 2)
 31282 | D:5      | Glimpsed the power of Zot.
 31682 | D:5      | Glimpsed the power of Zot.
 32002 | D:5      | Glimpsed the power of Zot.
 32081 | D:5      | Touched by the power of Zot (MHP 3 -> 1)
 32082 | D:5      | Glimpsed the power of Zot.
 32482 | D:5      | Glimpsed the power of Zot.
 32802 | D:5      | Glimpsed the power of Zot.
 32881 | D:5      | Touched by the power of Zot (MHP 2 -> 1)
 32882 | D:5      | 32882 ||| QUITTING!
 32882 | D:5      | Quit the game

Levels and vault maps discovered:
D:1:      minmay_arrival_statue_studded, layout_basic, basic_ecumenical_altar
D:2:      layout_basic, basic_altar
D:3:      layout_rooms, mainiacjoe_overflow_catwalk_spiral
D:4:      layout_rooms, nicolae_uskayaw_en_pointe
D:5:      layout_gridville, trog_antimagical,
          mainiacjoe_overflow_small_starburst, minmay_temple_entry_overgrown,
          serial_shops, shop_statue

Skill      XL: |  1  2  3  4  5  6  7 |
---------------+----------------------+-----
Dodging        | 3 4 5 6 7 |  7.0
Ranged Weapons | 5 6 7 9 |  9.6
Fighting       | 2 |  2.5
Stealth        | |  1.5

Action                     |  1- 3 |  4- 6 |  7- 9 || total
---------------------------+-------+-------+-------++-------
   Fire: Shortbow          |   102 |   147 |    60 ||   309
    Use: Scroll            |     5 |     7 |     4 ||    16
         Potion            |     2 |       |     1 ||     3
 Armour: Robe              |    13 |    20 |     6 ||    39
  Dodge: Dodged            |    41 |    47 |    27 ||   115

Table legend:
 A = Non-vault XP
 B = Vault XP
 C = Vault XP percentage of total XP
 D = Non-vault monster count
 E = Vault monster count
 F = Vault count percentage of total count
                 A         B        C        D         E       F
            +---------+---------+-------+---------+---------+-------
      Total |    1979 |       0 |   0.0 |     100 |       0 |   0.0
            +---------+---------+-------+---------+---------+-------
        D:1 |      36 |       0 |   0.0 |      20 |       0 |   0.0
        D:2 |      54 |       0 |   0.0 |      16 |       0 |   0.0
        D:3 |     166 |       0 |   0.0 |      31 |       0 |   0.0
        D:4 |     498 |       0 |   0.0 |      23 |       0 |   0.0
        D:5 |    1225 |       0 |   0.0 |      10 |       0 |   0.0
            +---------+---------+-------+---------+---------+-------
